AoeStats
← aextropical#0420

Arena

510334973Analyzed
4v4 RM · 1d ago on Sep 30, 2026· 59m 33s· 8 players
Game mode
Random Map
Map size
Large (8 player)
Population
200
Speed
Normal
Resources
Standard
Victory
Conquest
Starting age
Dark Age
Ending age
Imperial Age
RankedLock teamsTeams togetherTeam positionsShared explorationLock speedFull tech treeHidden civsTurbo modeCheats
Victory
Defeat
🇹🇼 Mongols · Taiwan
1014
+13
🇨🇳 Armenians · China
979
+15
🇺🇸 Bohemians · United States
949
+16
🇹🇼 Byzantines · Taiwan
934
+17
1019
-18
🇵🇰 Huns · Pakistan
1018
-18
🇮🇹 Danes · Italy
911
-14
🇪🇸 Mongols · Spain
852
-11
aextropical#0420
11:56 Feudal Age
12:57 Double-Bit Axe
13:03 Loom
14:31 Horse Collar
18:27 Castle Age
19:58 Bow Saw
23:19 Heavy Plow
26:15 Fervor
33:15 Imperial Age
33:05 Chemistry
33:35 Wheelbarrow
33:27 Elite Hussite Wagon
34:29 Conscription
37:18 Murder Holes
37:44 Ballistics
40:35 Houfnice
42:39 Hussite Reforms
51:41 Caravan
RenHao
11:21 Feudal Age
15:32 Castle Age
13:51 Double-Bit Axe
17:53 Bow Saw
20:14 Horse Collar
21:09 Heavy Plow
24:21 Wheelbarrow
23:33 Elite Skirmisher
28:49 Imperial Age
27:10 Scale Mail Armor
27:20 Forging
27:13 Fletching
27:24 Padded Archer Armor
27:47 Hand Cart
27:37 Elite Skirmisher
28:23 Thumb Ring
28:31 Gold Mining
29:31 Ballistics
29:23 Fortified Wall
30:27 Bodkin Arrow
30:48 Leather Archer Armor
30:31 Heavy Camel Rider
31:11 Husbandry
31:18 Scale Barding Armor
31:59 Forging
31:50 Bracer
33:43 Two-Man Saw
34:39 Gold Shaft Mining
35:13 Crop Rotation
35:24 Chain Barding Armor
40:46 Plate Barding Armor
40:47 Iron Casting
42:30 Chemistry
47:42 Squires
47:13 Pikeman
48:37 Halberdier
49:24 Scale Mail Armor
50:52 Chain Mail Armor
52:57 Ring Archer Armor
52:58 Conscription
Instagram
0:28 Loom
10:01 Feudal Age
12:15 Wheelbarrow
17:45 Castle Age
16:01 Horse Collar
16:52 Double-Bit Axe
17:20 Gold Mining
19:53 Fervor
20:22 Heavy Plow
29:41 Bow Saw
29:44 Fortified Wall
30:19 Murder Holes
30:45 Ballistics
31:15 Gold Shaft Mining
30:30 Stone Mining
30:56 Fletching
32:32 Bodkin Arrow
33:27 Padded Archer Armor
33:38 Forging
33:28 Scale Mail Armor
33:00 Pikeman
33:40 Squires
33:26 Arson
33:56 Nomads
35:00 Masonry
35:11 Leather Archer Armor
37:17 Stone Shaft Mining
36:31 Light Cavalry
37:22 Bloodlines
38:28 Husbandry
41:02 Imperial Age
39:12 Chain Mail Armor
40:11 Hand Cart
41:31 Thumb Ring
41:52 Bracer
41:58 Scale Barding Armor
42:56 Chemistry
42:25 Parthian Tactics
41:30 Capped Ram
42:49 Conscription
42:56 Drill
42:55 Town Watch
43:48 Iron Casting
43:37 Elite Mangudai
43:41 Hussar
48:24 Blast Furnace
47:54 Plate Mail Armor
48:28 Heavy Camel Rider
52:18 Siege Ram
53:05 Caravan
Carrot
0:33 Loom
11:45 Feudal Age
17:09 Castle Age
19:13 Man-at-Arms
23:22 Arson
23:28 Gambesons
24:20 Pikeman
25:00 Squires
26:28 Forging
26:18 Scale Mail Armor
fer_es_merengue9
11:24 Feudal Age
13:27 Double-Bit Axe
15:28 Loom
18:26 Castle Age
17:28 Horse Collar
17:41 Stone Mining
17:43 Gold Mining
19:44 Bow Saw
20:17 Fletching
23:55 Heavy Plow
26:00 Nomads
27:38 Gold Shaft Mining
31:11 Imperial Age
29:06 Padded Archer Armor
29:56 Town Watch
30:47 Wheelbarrow
30:59 Bloodlines
30:50 Husbandry
30:11 Light Cavalry
31:21 Bodkin Arrow
32:43 Caravan
33:15 Hand Cart
33:07 Town Patrol
34:03 Conscription
34:10 Capped Ram
35:14 Forging
35:10 Scale Barding Armor
35:55 Bracer
37:56 Leather Archer Armor
38:09 Ballistics
37:45 Murder Holes
38:05 Masonry
40:01 Drill
40:45 Chemistry
40:25 Iron Casting
40:10 Chain Barding Armor
41:25 Siege Engineers
40:43 Hussar
43:21 Elite Mangudai
45:24 Blast Furnace
45:22 Parthian Tactics
45:17 Fortified Wall
45:36 Elite Mangudai
53:55 Siege Ram
Charming K
9:32 Feudal Age
10:24 Double-Bit Axe
10:21 Horse Collar
17:37 Castle Age
19:13 Bow Saw
19:10 Squires
19:40 Stone Mining
21:02 Gambesons
22:12 Wheelbarrow
22:47 Forging
23:39 Scale Mail Armor
24:20 Arson
27:59 Hand Cart
28:58 Iron Casting
33:31 Imperial Age
31:30 Town Watch
35:29 Blast Furnace
33:53 Capped Ram
34:15 Northmen's Fury
35:13 Town Patrol
35:09 Gold Mining
35:23 Heavy Plow
36:32 Conscription
36:36 Onager
39:04 Chain Mail Armor
39:37 Siege Onager
40:01 Elite Varangian Guard
42:06 Siege Engineers
43:48 Siege Ram
45:42 Chemistry
45:05 Ballistics
44:22 Hamask
45:46 Murder Holes
49:51 Masonry
51:08 Heavy Scorpion
51:35 Pikeman
53:04 Halberdier
jochinmiriosbarrios
11:36 Feudal Age
15:44 Castle Age
13:35 Double-Bit Axe
15:21 Horse Collar
17:26 Heavy Plow
18:22 Wheelbarrow
24:45 Loom
24:51 Loom
25:27 Hand Cart
27:19 Gold Mining
28:04 Fervor
32:46 Imperial Age
30:24 Stone Mining
32:13 Fletching
32:24 Padded Archer Armor
32:30 Scale Barding Armor
32:25 Scale Mail Armor
32:58 Bodkin Arrow
33:13 Forging
33:12 Capped Ram
35:09 Chemistry
33:50 Treadmill Crane
34:05 Murder Holes
34:44 Ballistics
36:37 Crop Rotation
36:20 Bow Saw
36:56 Gold Shaft Mining
36:56 Stone Shaft Mining
36:13 Siege Ram
37:37 Chain Barding Armor
37:34 Leather Archer Armor
38:15 Fortified Wall
38:48 Conscription
41:39 Husbandry
41:00 Cavalier
43:08 Elite Skirmisher
47:54 Two-Man Saw
47:06 Paladin
47:45 Light Cavalry
49:18 Iron Casting
52:55 Bracer
53:26 Ring Archer Armor
52:34 Crossbowman
53:20 Thumb Ring
53:57 Hussar
56:17 Chain Mail Armor
56:38 Plate Barding Armor
58:15 Hoardings
Memory
11:43 Feudal Age
15:51 Castle Age
13:48 Horse Collar
14:40 Gold Mining
16:02 Double-Bit Axe
16:10 Stone Mining
16:32 Scale Barding Armor
16:38 Forging
18:06 Chain Barding Armor
18:12 Loom
20:03 Iron Casting
27:14 Fletching
31:23 Bodkin Arrow
37:15 Imperial Age
38:04 Marauders
38:33 Husbandry
38:44 Bloodlines
39:21 Bow Saw
39:12 Heavy Plow
39:48 Gold Shaft Mining
41:15 Blast Furnace
41:40 Wheelbarrow
42:38 Plate Barding Armor
42:07 Bracer
42:50 Elite Tarkan
51:12 Light Cavalry
52:25 Hussar
53:33 Padded Archer Armor
Connection lost

Rejoining the realm…

Still unreachable

The connection could not be restored.

Session expired

The server has moved on; the page needs a fresh start.